 Dungeon Crawl Stone Soup version 0.31.0-32-g396128a36d (webtiles) character file.

Game seed: 10030910784673642305

172 BigDaddyOpFi the Trooper (level 5, -11/37 HPs)
             Began as an Octopode Fighter on Apr 10, 2024.
             Was an Initiate of Ashenzari.
             Engulfed by a cloud of flame (14 damage)
             ... on level 4 of the Dungeon.
             The game lasted 00:03:24 (3184 turns).

BigDaddyOpFi the Trooper (Octopode Fighter)         Turns: 3184, Time: 00:03:25

Health: -11/37     AC:  1    Str: 15    XL:     5   Next: 52%
Magic:  5/5        EV: 14    Int: 10    God:    Ashenzari [......]
Gold:   258        SH:  5    Dex: 14    Spells: 4/4 levels left

rFire   + .          .
                       - Unarmed
rCold   . . .        a - +0 buckler
rNeg    . . .        (helmet restricted)
rPois   .            (no amulet)
rElec   .            n - ring of protection from fire
rCorr   .            d - +4 ring of slaying
SInv    .            (no ring)
Will    .....        (no ring)
Stlth   ++           (no ring)
HPRegen 0.26/turn    (no ring)
MPRegen 0.09/turn    (no ring)
                     (no ring)

%: no passive effects
@: no status effects
A: almost no armour, amphibious, 8 rings, camouflage 1, gelatinous body 1,
(nimble swimmer 1), tentacles
a: Renounce Religion, Curse Item


You were on level 4 of the Dungeon.
You worshipped Ashenzari.
Ashenzari was noncommittal.
You visited 1 branch of the dungeon, and saw 4 of its levels.

You collected 258 gold pieces.

Inventory:

Missiles
 u - 3 javelins (quivered)
Armour
 a - a +0 buckler (worn)
 r - a +0 tower shield
 s - a +0 kite shield
Jewellery
 d - a +4 ring of slaying (right tentacle)
 n - a ring of protection from fire (left tentacle)
Scrolls
 c - 2 scrolls of immolation
 e - a scroll of blinking
 f - a scroll of enchant armour
 h - a scroll of poison {unknown}
 i - 3 scrolls of vulnerability
 k - 3 scrolls of teleportation
 o - a scroll of noise {unknown}
 p - a scroll of identify
 t - a scroll of revelation
Potions
 b - 2 potions of might
 g - a potion of heal wounds {unknown}
 j - a potion of degeneration {unknown}
 l - 3 potions of curing {unknown}
 m - a potion of enlightenment {unknown}
 q - 3 potions of attraction {unknown}


   Skills:
 + Level 4.0 Fighting
 + Level 3.9 Dodging
 + Level 3.9 Shields
 + Level 3.2 Unarmed Combat


You had 4 spell levels left.
You didn't know any spells.
Your spell library was empty.

Dungeon Overview and Level Annotations

Branches:
Dungeon (4/15)             Temple (0/1) D:4

Altars:
Ashenzari
Makhleb
Qazlal
Xom
Yredelemnul

Annotations:
D:3 3 runed translucent doors, Tripartite's ghost, weakling DrCj


Innate Abilities, Weirdness & Mutations

You cannot wear most types of armour.
You are amphibious.
You can wear up to eight rings at the same time.
Your skin changes colour to match your surroundings (Stealth+).
Your rubbery body absorbs attacks. (AC +1, EV +1)
((You are camouflaged when in or above water. (Stealth+)))
You have tentacles for arms and can constrict up to eight enemies at once.


Message History

The endoplasm misses you.
An endoplasm is nearby!
You tentacle-slap the endoplasm.
You kill the endoplasm!
You see here 3 javelins.
There are no items here.
You see here 3 javelins.
There are no items here.
You see here 3 javelins.
u - 3 javelins You open the door.
The walls suddenly crumble! 5 dream sheep come into view.
A dream sheep catches fire!
The dream sheep panics and turns to flee.
A dream sheep catches fire!
The dream sheep panics and turns to flee.
A dream sheep catches fire!
The dream sheep stampedes away.
A dream sheep catches fire!
The dream sheep stampedes away.
A dream sheep catches fire!
The dream sheep bleats in terror.
You hear mad divine giggling.
Found a shimmering altar of Xom.
The dream sheep burns! x5
The dream sheep bleats! x4
You tentacle-slap the dream sheep.
Flame seeps out of the dream sheep.
Your attack snaps the dream sheep out of its fear.
Your grab misses the dream sheep. You squeeze the dream sheep!
The dream sheep explodes!
The fiery explosion engulfs the dream sheep!!!
The fiery explosion engulfs you! You resist.
The dream sheep explodes!
The fiery explosion engulfs you!! You resist.
Ouch! That really hurt!
* * * LOW HITPOINT WARNING * * *
The fiery explosion engulfs the dream sheep!!
The dream sheep explodes!
You are engulfed in blazing flames.
You resist.
You die...

............#
...........# #..........#
## #..........# #.
#....Y.Y...# ########.
#...§§§§§..# .........
#...§○§§...##.........
#...§@§§§.>.#.........
#...........#........#
#....................# #
#....####..##........#
#.###...#####.##.........
#.#.............#########
#........................
##......#####.#.#########
#......# #.# #


You could see 2 dream sheep.

Vanquished Creatures
  A dream sheep (D:4)
  A hound (D:4)
  A sleepcap (D:4)
  2 adders (D:2)
  2 dart slugs (D:4)
  A ribbon worm (D:3)
  2 orcs
  10 endoplasms
  5 giant cockroaches
  6 goblins
  7 hobgoblins
  4 jackals (D:1)
  9 kobolds
  5 quokkas
  7 ball pythons
  2 ball python zombies (D:3)
  8 bats
  4 frilled lizards
  10 rats
87 creatures vanquished.

Vanquished Creatures (others)
  2 dream sheep (D:4)
2 creatures vanquished.

Grand Total: 89 creatures vanquished

Notes
Turn   | Place    | Note
-------+----------+-------------------------------------------
     0 | D:1      | BigDaddyOpFi the Octopode Fighter began the quest for the
                  | Orb.
     0 | D:1      | Reached XP level 1. HP: 16/16 MP: 1/1
     5 | D:1      | Found a faded altar of an unknown god.
   131 | D:1      | Reached XP level 2. HP: 18/21 MP: 2/2
   337 | D:1      | Reached XP level 3. HP: 24/26 MP: 3/3
  1029 | D:2      | Reached XP level 4. HP: 31/31 MP: 4/4
  1876 | D:3      | Found a burning altar of Makhleb.
  1886 | D:3      | Found a broken altar of Ashenzari.
  1921 | D:3      | Identified the +1 ring mail "Buditil" {*Corrode Dex+5}
  1962 | D:3      | Found a runed translucent gate.
  1962 | D:3      | Found a runed translucent gate.
  1962 | D:3      | Found a runed translucent gate.
  1962 | D:3      | Noticed Tripartite's ghost (weakling DrCj)
  1964 | D:3      | Found a basalt altar of Yredelemnul.
  2031 | D:3      | Became a worshipper of Ashenzari the Shackled
  2829 | D:4      | Reached XP level 5. HP: 37/37 MP: 5/5
  2916 | D:4      | Found a stormy altar of Qazlal.
  3103 | D:4      | Found a staircase to the Ecumenical Temple.
  3144 | D:4      | Reached skill level 4 in Fighting
  3182 | D:4      | Noticed a dream sheep
  3182 | D:4      | Noticed a dream sheep
  3182 | D:4      | Noticed a dream sheep
  3182 | D:4      | Noticed a dream sheep
  3182 | D:4      | Noticed a dream sheep
  3182 | D:4      | Found a shimmering altar of Xom.
  3184 | D:4      | Killed a dream sheep
  3184 | D:4      | Killed a dream sheep
  3184 | D:4      | Killed a dream sheep
  3184 | D:4      | Engulfed by a cloud of flame

Illustrated notes

Levels and vault maps discovered:
D:1:      dpeg_arrival_tiny_i, layout_loops_ring,
          hellmonk_ecumenical_altar_blasted, kennysheep_pointless_box
D:2:      minmay_alternating_diamond, layout_basic
D:3:      layout_loops_ring, nicolae_yredelemnul_ghost_church,
          mainiacjoe_overflow_big_doors, minmay_gold_behind_fungi
D:4:      cheibrodos_helix_gallery, layout_basic,
          nicolae_qazlal_eye_of_the_storm, kb_xom_exploding_sheep, temple_hall,
          kennysheep_generic_room_11

Skill      XL: |  1  2  3  4  5 |
---------------+----------------+-----
Unarmed Combat | 3 |  3.2
Fighting       | 4 |  4.0
Dodging        | |  3.9
Shields        | |  3.9

Action                     |  1- 3 |  4- 6 || total
---------------------------+-------+-------++-------
  Melee: Unarmed           |    82 |    84 ||   166
         Tentacles         |    15 |    18 ||    33
         Constrict         |    20 |    26 ||    46
         Punch             |     2 |     3 ||     5
    Use: Scroll            |       |     6 ||     6
   Stab: Sleeping          |     8 |    11 ||    19
 Armour: Skin              |    37 |    20 ||    57
  Dodge: Dodged            |    42 |    28 ||    70
  Block: Buckler           |    16 |    12 ||    28
